AoeStats
← miherest

Arena

509384538Analyzed
2v2 RM · 6d ago on Sep 26, 2026· 57m 59s· 4 players
Game mode
Random Map
Map size
Medium (4 player)
Population
200
Speed
Normal
Resources
Standard
Victory
Conquest
Starting age
Dark Age
Ending age
Imperial Age
RankedLock teamsTeams togetherTeam positionsShared explorationLock speedFull tech treeHidden civsTurbo modeCheats
Victory
Defeat
🇧🇷 Khmer · Brazil
1010
+16
🇧🇷 Vietnamese · Brazil
1001
+17
🇨🇴 Saxons · Colombia
1044
-18
🇪🇸 Spanish · Spain
990
-15
hmora
1:24 Loom
9:56 Feudal Age
14:36 Castle Age
12:47 Double-Bit Axe
13:05 Horse Collar
14:15 Loom
23:26 Pikeman
26:22 Forging
26:13 Scale Mail Armor
30:03 Gold Mining
35:46 Imperial Age
35:48 Wheelbarrow
38:31 Conscription
39:53 Elite Skirmisher
41:12 Fletching
41:22 Padded Archer Armor
42:35 Bodkin Arrow
42:55 Leather Archer Armor
46:40 Bracer
47:10 Ring Archer Armor
47:16 Iron Casting
48:16 Halberdier
54:40 Chain Mail Armor
56:39 Scale Barding Armor
57:05 Plate Mail Armor
56:36 Light Cavalry
57:27 Bloodlines
miherest
4:57 Loom
9:52 Feudal Age
15:21 Castle Age
13:35 Horse Collar
14:41 Double-Bit Axe
18:59 Wheelbarrow
23:54 Heavy Plow
23:52 Town Watch
26:03 Fletching
27:16 Forging
27:07 Scale Mail Armor
27:42 Bow Saw
27:37 Pikeman
29:29 Squires
30:18 Bodkin Arrow
31:00 Iron Casting
30:19 Gold Mining
32:33 Ballistics
34:09 Chain Mail Armor
33:54 Padded Archer Armor
37:42 Imperial Age
36:26 Stone Mining
37:02 Leather Archer Armor
37:00 Masonry
36:48 Murder Holes
38:52 Halberdier
39:56 Bracer
41:33 Chemistry
41:30 Hoardings
43:03 Ring Archer Armor
43:34 Blast Furnace
43:16 Architecture
43:52 Cavalier
44:43 Bloodlines
48:37 Plate Mail Armor
53:15 Scale Barding Armor
56:18 Stone Shaft Mining
Siri do Rio
11:43 Feudal Age
15:28 Castle Age
13:16 Horse Collar
13:24 Double-Bit Axe
14:36 Gold Mining
14:57 Loom
23:20 Heavy Plow
25:32 Bow Saw
25:58 Stone Mining
26:52 Wheelbarrow
27:37 Fletching
27:54 Padded Archer Armor
29:59 Hand Cart
29:56 Crossbowman
30:42 Thumb Ring
32:31 Ballistics
33:33 Bodkin Arrow
34:28 Leather Archer Armor
37:22 Imperial Age
36:40 Fortified Wall
36:11 Treadmill Crane
37:35 Stone Shaft Mining
36:50 Town Watch
40:08 Bracer
40:39 Ring Archer Armor
41:11 Two-Man Saw
43:02 Paper Money
44:28 Chemistry
46:04 Elite Skirmisher
47:44 Arbalester
48:35 Imperial Skirmisher
48:40 Imperial Skirmisher
49:27 Arbalester
50:52 Light Cavalry
XxCQCAxX
10:58 Feudal Age
14:05 Castle Age
12:02 Double-Bit Axe
12:32 Horse Collar
15:45 Bow Saw
18:18 Heavy Plow
19:22 Light Cavalry
23:36 Gold Mining
25:38 Wheelbarrow
25:12 Scale Barding Armor
25:18 Forging
27:55 Imperial Age
25:41 Loom
26:32 Bloodlines
26:27 Stone Mining
27:33 Hand Cart
30:21 Fortified Wall
30:33 Ballistics
31:14 Chemistry
31:32 Stone Shaft Mining
31:33 Gold Shaft Mining
31:42 Gold Shaft Mining
33:15 Iron Casting
33:00 Chain Barding Armor
33:51 Double Crossbow
34:25 Heavy Scorpion
36:01 Fletching
36:44 Bodkin Arrow
37:25 Plate Barding Armor
37:59 Blast Furnace
37:31 Husbandry
37:59 Hussar
39:38 Bracer
40:05 Siege Engineers
44:15 Conscription
45:06 Murder Holes
Connection lost

Rejoining the realm…

Still unreachable

The connection could not be restored.

Session expired

The server has moved on; the page needs a fresh start.